 Dungeon Crawl Stone Soup version 0.27.1-4-g1640c2035a (webtiles) character file.

Game seed: 13736037344754410371

63 Stomo444 the Skirmisher (level 3, 0/30 HPs)
             Began as a Demonspawn Monk on Nov 10, 2021.
             Slain by Sigmund (11 damage)
             ... on level 2 of the Dungeon.
             The game lasted 00:01:23 (1563 turns).

Stomo444 the Skirmisher (Demonspawn Monk)           Turns: 1563, Time: 00:01:23

Health: 0/30       AC:  4    Str: 12    XL:     3   Next: 87%
Magic:  3/3        EV: 13    Int: 11    God:
Gold:   79         SH:  0    Dex: 18    Spells: 2/2 levels left

rFire    . . .     SeeInvis .   i - +0 whip
rCold    . . .     Faith    .   (no shield)
rNeg     . . .     Spirit   .   b - +0 robe
rPois    .         Reflect  .   (helmet restricted)
rElec    .         Harm     .   (no cloak)
rCorr    .         Rampage  .   c - +1 pair of gloves {Dex+3}
Will     .....                  (no boots)
Stlth    ++........             (no amulet)
HPRegen  0.10/turn              (no ring)
MPRegen  0.08/turn              (no ring)

@: hasted, very quick
A: horns 1, demonic magic 1
a: no special abilities


You were on level 2 of the Dungeon.
You visited 1 branch of the dungeon, and saw 2 of its levels.

You collected 79 gold pieces.

Inventory:

Hand Weapons
 a - a +0 mace
 i - a +0 whip (weapon)
Armour
 b - a +0 robe (worn)
 c - a +1 pair of gloves of dexterity (worn)
Scrolls
 d - a scroll of fear {unknown}
 e - a scroll of blinking {unknown}
 f - 3 scrolls of identify {unknown}
 h - a scroll of acquirement {unknown}
 k - a scroll of teleportation {unknown}
Potions
 j - a potion of brilliance {unknown}


   Skills:
 + Level 3.7 Fighting
 + Level 3.3 Maces & Flails
 + Level 3.3 Dodging
 - Level 1.7 Stealth


You had 2 spell levels left.
You didn't know any spells.
Your spell library was empty.

Dungeon Overview and Level Annotations

Branches:
Dungeon (2/15)

Altars:
Ru

Annotations:
D:2 Sigmund


Innate Abilities, Weirdness & Mutations

You have a pair of small horns on your head.
Spells you cast may paralyse adjacent enemies.


Message History

There is an open door here.
Found a stone staircase leading down.
A frilled lizard comes into view.
A frilled lizard is nearby!
A frilled lizard is nearby!
Found 6 gold pieces.
Sigmund the Dreaded comes into view.
He is wielding a +0 scythe and carrying a wand of polymorph (5).
The helpless frilled lizard fails to defend itself.
You hit the frilled lizard.
Your headbutt misses the frilled lizard.
The frilled lizard is heavily wounded.
The frilled lizard closely misses you.
You closely miss the frilled lizard.
The frilled lizard is heavily wounded.
The frilled lizard bites you but does no damage.
You hit the frilled lizard.
You kill the frilled lizard!
Sigmund shouts!
Sigmund hits you but does no damage.
You hit Sigmund but do no damage.
Sigmund points at you and mumbles some strange words.
The puff of flame hits you.
You hit Sigmund but do no damage. Your headbutt misses Sigmund.
Sigmund points at you and mumbles some strange words.
The puff of flame hits you.
You closely miss Sigmund.
Sigmund zaps a wand.
You resist with significant effort.
You closely miss Sigmund.
Sigmund zaps a wand.
You resist with significant effort.
Sigmund is nearby!
Sigmund gestures at you while chanting. You resist with significant effort.
It was a potion of haste.
You feel yourself speed up.
Sigmund hits you from afar with a +0 scythe!
Okay, then.
You closely miss Sigmund. You hit Sigmund.
Sigmund is lightly wounded.
Sigmund hits you with a +0 scythe!
You die...

########
.......##$........#
######.##.........#
# #.##.........#
######.##.........#
....##.##.........#
....##.##.........#
....##.#......†...#
....'..#........@@#
....####.###.######
###.# #.# #.# # #.#
#.# #.# # #.####.#
#.# ###......# #.#
........># #.#
###.....## #.#
#.....#


You could see Sigmund.

Vanquished Creatures
  An orc wizard (D:2)
  A dart slug (D:1)
  3 orcs (D:2)
  2 ball pythons
  4 endoplasms
  3 giant cockroaches (D:1)
  A hobgoblin (D:2)
  8 kobolds
  4 bats
  3 frilled lizards
  A goblin (D:2)
  A rat (D:1)
32 creatures vanquished.

Notes
Turn   | Place    | Note
-------+----------+-------------------------------------------
     0 | D:1      | Stomo444 the Demonspawn Monk began the quest for the Orb.
     0 | D:1      | Reached XP level 1. HP: 18/18 MP: 1/1
   381 | D:1      | Gained mutation: You have a pair of small horns on your
                  | head. [demonic ancestry]
   381 | D:1      | Reached XP level 2. HP: 22/24 MP: 2/2
   859 | D:2      | Found a sacrificial altar of Ru.
   948 | D:2      | Gained mutation: Spells you cast may paralyse adjacent
                  | enemies. [demonic ancestry]
   948 | D:2      | Reached XP level 3. HP: 13/29 MP: 3/3
  1545 | D:2      | Noticed Sigmund
  1563 | D:2      | Slain by Sigmund

Illustrated notes

Levels and vault maps discovered:
D:1:      wander_arrival_desolate, layout_basic
D:2:      layout_basic, basic_altar, uniq_crazy_yiuf_cottage, uniq_sigmund

Skill      XL: |  1  2 |
---------------+-------+-----
Maces & Flails | 3 |  3.3
Dodging        | 3 |  3.3
Fighting       | |  3.7
Stealth        | |  1.7

Action                   || total
-------------------------++-------
Melee: Mace              ||    32
       Whip              ||    47
       Headbutt          ||    13
  Use: Potion            ||     1
 Stab: Sleeping          ||     4
Armor: Robe              ||    17
Dodge: Dodged            ||    43
